 Dungeon Crawl Stone Soup version bcrawl-1.12.2 (webtiles) character file.

Game seed: 18154602908801429130

628 Morbidden the Sneak (level 7, -3/62 HPs)
             Began as a Naga Archaeologist on July 18, 2019.
             Was a Believer of Uskayaw.
             Slain by an ogre
             ... wielding a +0 giant club
              (9 damage)
             ... on level 5 of the Dungeon.
             The game lasted 00:10:28 (4500 turns).

Morbidden the Sneak (Naga Archaeologist)            Turns: 4500, Time: 00:10:29

Health: -3/62      AC: 11    Str: 16    XL:     7   Next: 48%
Magic:  10/10      EV:  9    Int: 14    God:    Uskayaw [**....]
Gold:   251        SH:  0    Dex:  9    Spells: 6/6 levels left

rFire    + . .     SeeInvis +   m - +1 dagger (elec)
rCold    . . .     Gourm    .   (no shield)
rNeg     . . .     Faith    .   u - +3 ring mail
rPois    +         Spirit   .   c - +2 hat
rElec    .         Reflect  .   z - +0 cloak
rCorr    .         Harm     .   (no gloves)
MR       .....                  (no barding)
Stlth    ++........             (no amulet)
HPRegen  0.20/turn              d - ring of protection from fire
MPRegen  0.12/turn              (no ring)

@: studying Evocations, very slow
A: large, see invisible, deformed body, poison resistance, slowness 2, slow
metabolism 1, spit poison 1, AC +2
a: Spit Poison, Stomp, Line Pass, Renounce Religion


You were on level 5 of the Dungeon.
You worshipped Uskayaw.
Uskayaw was noncommittal.
You were very hungry.

You visited 1 branch of the dungeon, and saw 5 of its levels.

You collected 251 gold pieces.

Inventory:

Hand Weapons
 m - a +1 dagger of electrocution (weapon)
Armour
 c - a +2 hat (worn)
 u - a +3 ring mail (worn)
 z - a +0 cloak (worn)
Jewellery
 d - a ring of protection from fire (left hand)
Wands
 a - a wand of digging (4)
 k - a wand of polymorph (1)
 w - a wand of acid (12)
Scrolls
 b - 2 scrolls of remove curse
 i - 5 scrolls of identify
 j - a scroll of immolation
 r - a scroll of blinking
 t - 2 scrolls of teleportation
 y - a scroll of amnesia
Potions
 h - a potion of magic {unknown}
 l - 3 potions of mutation {unknown}
 n - 2 potions of lignification {unknown}
 o - 2 potions of heal wounds {unknown}
 p - 3 potions of flight {unknown}
 q - a potion of curing {unknown}
 s - a potion of haste {unknown}
 v - a potion of cancellation {unknown}
 x - a potion of brilliance {unknown}
Books
 e - a manual of Evocations
Miscellaneous
 f - an ancient crate
Comestibles
 g - 8 rations {!d}


   Skills:
 * Level 3.0 Fighting
 + Level 1.5 Short Blades
   Level 2.5 Maces & Flails
 + Level 2.1 Armour
 + Level 3.5 Dodging
 + Level 6.2 Stealth
 - Level 0.2 Unarmed Combat
 * Level 2.6 Invocations
 * Level 4.2 Evocations


You had 6 spell levels left.
You didn't know any spells.
Your spell library was empty.

Dungeon Overview and Level Annotations

Branches:
Dungeon (5/12)
 Temple: D:4-7

Altars:
Ashenzari
Elyvilon
Gozag
Nemelex Xobeh
Okawaru
Uskayaw
The Shining One

Shops:
D:4 (


Innate Abilities, Weirdness & Mutations

You cannot wear boots.
Your serpentine skin is tough. (AC +2)
You have supernaturally acute eyesight. (SInv)
Armour fits poorly on your strangely shaped body.
Your system is resistant to poisons. (rPois)
You cover ground very slowly.
You have a slow metabolism.
You can spit poison.


Message History

You can no longer pass through a line of other dancers.
You barely miss the hound.
The hound is severely wounded.
The hound bites you but does no damage. x2
You closely miss the hound.
The hound is severely wounded.
The hound bites you but does no damage.
You hit the hound. Lightning courses through the hound!!
You kill the hound!
Your Fighting skill increases to level 3!
You hit the ogre.
The ogre is lightly wounded.
The ogre hits you with a +0 giant club!!
* * * LOW HITPOINT WARNING * * *
You can now pass through a line of other dancers.
Unknown command.
You hit the ogre. Lightning courses through the ogre!
The ogre is heavily wounded.
The ogre hits you with a +0 giant club!
You die...

###..###...##
#....##....O##
##....#......h#
#.....#.......#
#....##.....S.#
#....# #..a..#
#..### #lw.#
#.########O####
#.......[..@..#
#.............#
#.............#
####'########.#
##...## .#
##.....## .#
#)......# #
#.......#
#).....(#


You could see an ogre, a worker ant, a dart slug and a leopard gecko.

Vanquished Creatures
  3 centaurs
  A killer bee (D:4)
  A crimson imp (D:5)
  A jelly (D:5)
  2 hounds
  A centaur skeleton (D:4)
  An orc priest (D:4)
  Ijyb (D:3)
  3 adders
  3 worms
  2 dart slugs (D:1)
  8 leopard geckos
  5 orcs
  2 giant cockroaches (D:2)
  5 goblins
  12 hobgoblins
  4 jackals (D:2)
  3 quokkas
  7 bats
  6 frilled lizards
  16 kobolds
  6 rats
93 creatures vanquished.

Vanquished Creatures (others)
  A plant (D:1)
1 creature vanquished.

Grand Total: 94 creatures vanquished

Notes
Turn   | Place    | Note
-------+----------+-------------------------------------------
     0 | D:1      | Morbidden the Naga Archaeologist began the quest for the
                  | Orb.
     0 | D:1      | Reached XP level 1. HP: 18/18 MP: 1/1
     9 | D:1      | Reached skill level 5 in Stealth
   257 | D:1      | Reached XP level 2. HP: 23/25 MP: 2/2
  1169 | D:1      | Reached XP level 3. HP: 31/31 MP: 3/3
  1654 | D:2      | Found a faded altar of an unknown god.
  1672 | D:2      | Became a worshipper of Uskayaw the Reveler
  1672 | D:2      | Reached * piety under Uskayaw
  1714 | D:2      | Reached ** piety under Uskayaw
  1754 | D:2      | Reached skill level 1 in Evocations
  1857 | D:2      | Found a sparkling altar of Nemelex Xobeh.
  1871 | D:2      | Reached XP level 4. HP: 32/38 MP: 4/4
  1886 | D:2      | Found a shattered altar of Ashenzari.
  1914 | D:2      | Found a hide-covered altar of Uskayaw.
  2198 | D:2      | Found a glowing golden altar of the Shining One.
  2329 | D:3      | Noticed Ijyb
  2362 | D:3      | Reached *** piety under Uskayaw
  2370 | D:3      | Killed Ijyb
  2370 | D:3      | Reached skill level 6 in Stealth
  2689 | D:3      | Reached XP level 5. HP: 20/44 MP: 6/6
  3028 | D:3      | Reached skill level 1 in Invocations
  3179 | D:3      | Found an iron altar of Okawaru.
  3179 | D:3      | Found an opulent altar of Gozag.
  3180 | D:3      | Found a white marble altar of Elyvilon.
  3431 | D:4      | Noticed a centaur
  3440 | D:4      | Killed a centaur
  3440 | D:4      | Reached XP level 6. HP: 52/52 MP: 6/8
  3621 | D:4      | Reached skill level 1 in Armour
  3973 | D:4      | Found Heniaz's Weapon Shoppe.
  4139 | D:5      | Entered Level 5 of the Dungeon
  4148 | D:4      | Reached skill level 1 in Short Blades
  4148 | D:4      | Reached XP level 7. HP: 25/61 MP: 9/9
  4429 | D:5      | Reached **** piety under Uskayaw
  4500 | D:5      | Slain by an ogre

Skill      XL: |  1  2  3  4  5  6  7 |
---------------+----------------------+-----
Stealth        | 5 6 |  6.2
Evocations     | 1 2 3 4 |  4.2
Maces & Flails | 2 |  2.5
Dodging        | 3 |  3.5
Invocations    | 1 2 |  2.6
Fighting       | 2 3 |  3.0
Armour         | 1 2 |  2.1
Short Blades   | 1 |  1.5
Unarmed Combat | |  0.2

Action                   |  1- 3 |  4- 6 |  7- 9 || total
-------------------------+-------+-------+-------++-------
Melee: Whip              |   207 |   131 |       ||   338
       Unarmed           |       |    18 |       ||    18
       Dagger            |       |    94 |    33 ||   127
Invok: Stomp             |       |     4 |       ||     4
 Abil: Spit Poison       |    11 |    12 |     1 ||    24
  Use: Scroll            |       |     6 |     1 ||     7
 Stab: Sleeping          |     4 |     4 |       ||     8
       Paralysed         |       |       |     1 ||     1
  Eat: Chunk             |     3 |     7 |       ||    10
Armor: Robe              |    44 |    55 |       ||    99
       Ring mail         |       |    65 |    17 ||    82
       Skin              |       |     2 |       ||     2
Dodge: Dodged            |   110 |   147 |    17 ||   274
